General information
- name: BNet
- type: Ladder 1vs1/FFA
- host: Battle.net
- saver: MrFrosty
map: LostTemple
- players: 2
- length: 22:15
- speed: Fast
- version: 1.21 W3XP
- replay type: Public
» download(98 KB)
Players
team 1 (loser)
KeEpSiLeNt (
orange | 152 APM | 3386 actions | 22:13)
4 Death Knight
2 Death Coil
2 Unholy Aura
4 Lich
2 Frost Nova
1 Dark Ritual
1 Frost Armor
» actions
| Assign group hotkey | 61 | |
| Basic commands | 253 | |
| Build / train | 82 | |
| Enter build submenu | 15 | |
| Enter hero's abilities submenu | 8 | |
| Give item / drop item | 4 | |
| Remove unit from queue | 4 | |
| Right click | 1148 | |
| Select / deselect | 720 | |
| Select group hotkey | 918 | |
| Use ability | 173 | |
3386 total
» units
| Acolyte | 6 | |
| Ghoul | 15 | |
| Obsidian Statue | 12 | |
| Abomination | 2 | |
| Crypt Fiend | 9 | |
44 total
» upgrades
| Cannibalize | 1 | |
| Ghoul Frenzy | 1 | |
| Destroyer Form | 1 | |
| Creature Attack | 2 | |
| Web | 1 | |
| Burrow | 1 | |
7 total
» buildings
| Altar of Darkness | 1 | |
| Ziggurat | 4 | |
| Crypt | 1 | |
| Tomb of Relics | 1 | |
| Halls of the Dead | 2 | |
| Nerubian Tower | 1 | |
| Graveyard | 1 | |
| Black Citadel | 3 | |
| Slaughterhouse | 2 | |
16 total
» build order
00:06 Altar of Darkness
00:08 Ziggurat
00:33 Crypt
00:58 Tomb of Relics
01:23 Ziggurat
02:52 Halls of the Dead
02:52 Halls of the Dead
03:47 Ziggurat
04:16 Nerubian Tower
04:44 Graveyard
05:17 Black Citadel
05:17 Black Citadel
05:44 Ziggurat
06:36 Slaughterhouse
06:38 Slaughterhouse
» items
| Rod of Necromancy | 5 | |
| Orb of Corruption | 1 | |
| Scroll of Town Portal | 1 | |
7 total
team 2 (winner)
MrFrosty (
blue | 131 APM | 2905 actions | 22:15)
5 Archmage
3 Summon Water Elemental
2 Brilliance Aura
4 Mountain King
2 Storm Bolt
2 Thunder Clap
3 Paladin
2 Holy Light
1 Divine Shield
» actions
| Assign group hotkey | 36 | |
| Basic commands | 8 | |
| Build / train | 91 | |
| Enter build submenu | 28 | |
| Enter hero's abilities submenu | 13 | |
| Give item / drop item | 3 | |
| Remove unit from queue | 3 | |
| Right click | 1466 | |
| Select / deselect | 468 | |
| Select group hotkey | 690 | |
| Use ability | 99 | |
2905 total
» units
| Peasant | 25 | |
| Footman | 5 | |
| Flying Machine | 10 | |
| Knight | 8 | |
| Gryphon Rider | 3 | |
51 total
» upgrades
| Lumber Harvesting | 1 | |
| Flak Cannons | 1 | |
| Flying Machine Bombs | 1 | |
| Animal War Training | 1 | |
| Swords | 3 | |
| Storm Hammers | 1 | |
| Masonry | 2 | |
| Armor | 1 | |
11 total
» buildings
| Altar of Kings | 1 | |
| Farm | 12 | |
| Barracks | 1 | |
| Scout Tower | 3 | |
| Arcane Tower | 3 | |
| Keep | 1 | |
| Blacksmith | 1 | |
| Arcane Vault | 1 | |
| Castle | 1 | |
| Town Hall | 2 | |
| Lumber Mill | 1 | |
| Workshop | 2 | |
| Gryphon Aviary | 2 | |
31 total
» build order
00:05 Altar of Kings
00:20 Farm
00:22 Barracks
00:50 Farm
01:52 Scout Tower
02:02 Farm
02:55 Arcane Tower
03:51 Keep
04:00 Scout Tower
04:08 Farm
04:36 Arcane Tower
05:05 Blacksmith
05:09 Arcane Vault
05:56 Farm
06:32 Castle
07:41 Town Hall
07:43 Scout Tower
07:53 Lumber Mill
08:10 Arcane Tower
09:00 Workshop
10:02 Workshop
13:34 Town Hall
13:50 Farm
13:52 Farm
15:36 Gryphon Aviary
15:52 Gryphon Aviary
16:21 Farm
16:22 Farm
17:45 Farm
17:46 Farm
20:02 Farm
» items
| Scroll of Town Portal | 2 | |
| Scroll of Regeneration | 1 | |
| Lesser Clarity Potion | 1 | |
| Staff of Sanctuary | 2 | |
6 total
Chat log
(00:18 / All) KeEpSiLeNt: tower and tank and fly, gogo
(00:45 / All) MrFrosty: tbh when 90% of ud players do nothing but mass destro
(00:53 / All) MrFrosty: you really cant complain
(01:02 / All) MrFrosty: gl hf
(01:07 / All) KeEpSiLeNt: better than towers
(01:19 / All) KeEpSiLeNt: no skills, only build towers, lol
(13:59 / All) MrFrosty: oh dear
(14:03 / All) KeEpSiLeNt: ...
(14:11 / All) MrFrosty: no towers, no tanks
(14:17 / All) KeEpSiLeNt: come on